 Dungeon Crawl Stone Soup version 0.30-a0-1074-g5db6f66fbb (webtiles) character file.

Game seed: 13434473921299971513

224 Iich the Chopper (level 5, 43/43 HPs)
             Began as a Demonspawn Fighter on Apr 13, 2023.
             Got out of the dungeon alive.
             The game lasted 00:01:51 (1274 turns).

Iich the Chopper (Demonspawn Fighter)               Turns: 1274, Time: 00:01:52

Health: 43/43      AC:  8    Str: 16    XL:     5   Next: 67%
Magic:  5/5        EV:  8    Int: 10    God:
Gold:   117        SH:  4    Dex: 14    Spells: 4/4 levels left

rFire   . . .      SeeInvis .    a - +0 war axe
rCold   . . .      Faith    .    c - +0 buckler
rNeg    . . .      Spirit   .    b - +0 scale mail
rPois   .          Reflect  .    (helmet restricted)
rElec   .          Rampage  .    (no cloak)
rCorr   .                        (no gloves)
Will    .....                    (no boots) Stlth
                                 (no amulet)
HPRegen 0.27/turn                (no ring)
MPRegen 0.09/turn                (no ring)

@: no status effects
A: antennae 1, yellow scales 1, hooves 1, noise suppression, devolution 1
a: no special abilities


You escaped.
You visited 1 branch of the dungeon, and saw 2 of its levels.

You collected 117 gold pieces.

Inventory:

Hand Weapons
 a - a +0 war axe (weapon)
Missiles
 l - 2 curare-tipped darts (quivered)
Armour
 b - a +0 scale mail (worn)
 c - a +0 buckler (worn)
 i - a +2 pair of gloves
Jewellery
 W - a ring of wizardry
Scrolls
 g - a scroll of fog
 j - a scroll of torment {unknown}
 k - a scroll of enchant weapon {unknown}
 m - a scroll of magic mapping {unknown}
 t - a scroll of teleportation
Potions
 d - a potion of might
 e - a potion of resistance {unknown}
 q - a potion of curing


   Skills:
 + Level 4.4 Fighting
 * Level 4.5 Axes
 - Level 2.6 Armour
 - Level 2.6 Shields


You had 4 spell levels left.
You didn't know any spells.
Your spell library contained the following spells:

 Spells                   Type           Power      Damage    Failure   Level
 Sublimation of Blood     Necr           0%         N/A       95%         2
 Petrify                  Tmut/Erth      0%         N/A       100%        4
 Irradiate                Conj/Tmut      0%         3d11      100%        5


Dungeon Overview and Level Annotations

Branches:
Dungeon (2/15)

Altars:


Innate Abilities, Weirdness & Mutations

You have a pair of small antennae on your head.
You are partially covered in yellow scales. (AC +2)
You have large cloven feet.
You passively dampen the noise of your surroundings.
You have hidden genetic defects.


Message History

You see here a +0 ring mail.
h - 2 murky pink potions (gained 1)
You sense a monster nearby.
An endoplasm comes into view.
The endoplasm quivers.
You slash the endoplasm!
You kill the endoplasm!
No target in view!
No target in view!
No target in view!
No target in view!
No target in view!
Key pressed, stopping explore.
Okay, then.
It was a potion of mutation.
You feel extremely strange.
You feel robust.
Your regeneration stops near monsters.
You feel your surroundings grow quieter.
It was a potion of curing.
You feel better.
q - a potion of curing Health restored: 47 Really quaff the potion of mutation?
You feel extremely strange.
You feel frail.
You begin to regenerate regardless of the presence of monsters.
You feel a hidden malignance growing inside you.
Your feet thicken and deform.
You take 4 damage, and have 43/43 hp.
(D) Dungeon
Where to? (Enter - D:3, ? - help)
What level of the Dungeon? (default 1, ? - help)
You open the door.
There is an open door here.
There is an open door here.
There is a stone staircase leading up here.
You climb upwards.
There is a stone staircase leading down here.
There is a staircase leading out of the dungeon here.
You can't go down here!
Are you sure you want to leave the Dungeon?
This will make you lose the game!
You have escaped!

#........(...###.......
#..#######...###.......
#......................
#......≈≈....###.......
#......≈≈....# #......#
#.##......#..# ####.###
#.##.####.#..# #.#
#.##....#.#..# #.#
#.###.@.###..# ####(###
#.#.#....##..###.......
#.#.####.##..##........
#.#......##.##.........
#...≈≈......##.........
#...≈≈......##.........
#...........###........
#..#######..# ##...#...
#### #### ########


There were no monsters in sight!

Vanquished Creatures
  Sigmund (D:2)
  2 adders (D:2)
  2 worms (D:2)
  4 ball pythons
  2 bats (D:1)
  6 endoplasms
  3 goblins
  8 hobgoblins (D:2)
  5 kobolds
  4 frilled lizards
  2 rats (D:1)
39 creatures vanquished.

Notes
Turn   | Place    | Note
-------+----------+-------------------------------------------
     0 | D:1      | Iich the Demonspawn Fighter began the quest for the Orb.
     0 | D:1      | Reached XP level 1. HP: 18/18 MP: 1/1
   126 | D:1      | Gained mutation: You have a pair of small antennae on your
                  | head. [demonic ancestry]
   126 | D:1      | Reached XP level 2. HP: 24/24 MP: 2/2
   465 | D:1      | Found a faded altar of an unknown god.
   613 | D:2      | Reached XP level 3. HP: 19/29 MP: 3/3
   885 | D:2      | Noticed Sigmund
   897 | D:2      | Killed Sigmund
   898 | D:2      | Gained mutation: You are partially covered in yellow
                  | scales. (AC +2) [demonic ancestry]
   898 | D:2      | Reached XP level 4. HP: 20/38 MP: 4/4
   898 | D:2      | Reached XP level 5. HP: 23/43 MP: 5/5
  1164 | D:2      | Gained mutation: You are robust. (+10% HP) [potion of
                  | mutation]
  1164 | D:2      | Gained mutation: You do not regenerate when monsters are
                  | visible. [potion of mutation]
  1164 | D:2      | Gained mutation: You passively dampen the noise of your
                  | surroundings. [potion of mutation]
  1166 | D:2      | Lost mutation: You are robust. (+10% HP) [potion of
                  | mutation]
  1166 | D:2      | Lost mutation: You do not regenerate when monsters are
                  | visible. [potion of mutation]
  1166 | D:2      | Gained mutation: You have hidden genetic defects. [potion
                  | of mutation]
  1166 | D:2      | Gained mutation: You have large cloven feet. [potion of
                  | mutation]
  1274 | D:$      | Got out of the dungeon alive.

Illustrated notes

Levels and vault maps discovered:
D:1:      amcnicky_arrival_double_pillar, layout_rooms,
          shapermc_ecumenical_altar_mp_highgroup
D:2:      cheibrodos_greedy_goblins, layout_basic, uniq_sigmund

Skill      XL: |  1  2  3 |
---------------+----------+-----
Axes           | 2 4 |  4.5
Fighting       | 4 |  4.4
Armour         | |  2.6
Shields        | |  2.6

Action                     |  1- 3 |  4- 6 || total
---------------------------+-------+-------++-------
  Melee: War axe           |    72 |    13 ||    85
    Use: Scroll            |     2 |       ||     2
         Potion            |       |     3 ||     3
 Armour: Scale mail        |    32 |     1 ||    33
  Dodge: Dodged            |    37 |     2 ||    39
  Block: Buckler           |    17 |     1 ||    18

Table legend: (Time is in decaauts)
 A = Elapsed time spent in this place.
 B = Non-inter-level travel time spent in this place.
 C = Inter-level travel time spent in this place.
 D = Time resting spent in this place.
 E = Time spent auto-exploring this place.
 F = Levels seen in this place.
 G = Mean time per level.
                   A        B        C        D        E       F      G
               +--------+--------+--------+--------+--------+-----+--------+
         Total |   1308 |   1173 |    135 |      0 |    944 |   2 |  654.0 |
       Dungeon |   1308 |   1173 |    135 |      0 |    944 |   2 |  654.0 |
               +--------+--------+--------+--------+--------+-----+--------+

Top non-repeatable levels by time:
     D:2: 697 daAuts
     D:1: 611 daAuts
